AoeStats
← Mordecai

African Clearing

511047924Analyzed
4v4 RM · 9h ago on Oct 3, 2026· 63m 34s· 8 players
Game mode
Random Map
Map size
Large (8 player)
Population
200
Speed
Normal
Resources
Standard
Victory
Conquest
Starting age
Dark Age
Ending age
Imperial Age
RankedLock teamsTeams togetherTeam positionsShared explorationLock speedFull tech treeHidden civsTurbo modeCheats
Victory
Defeat
🇹🇷 Britons · Türkiye
750
+16
🇹🇷 Goths · Türkiye
733
+17
🇵🇪 Celts · Peru
716
+18
🇺🇸 Huns · United States
702
+18
🇹🇼 Gurjaras · Taiwan
767
-18
🇹🇼 Slavs · Taiwan
753
-17
🇧🇷 Italians · Brazil
747
-17
🇹🇼 Persians · Taiwan
744
-17
themoist_hoist2
3:30 Loom
16:51 Feudal Age
21:47 Man-at-Arms
33:22 Castle Age
31:16 Stone Mining
32:26 Double-Bit Axe
32:25 Horse Collar
33:56 Wheelbarrow
34:59 Gold Mining
37:14 Bow Saw
37:07 Heavy Plow
37:59 Marauders
38:35 Hand Cart
38:43 Town Watch
40:17 Forging
40:12 Scale Barding Armor
41:04 Gold Shaft Mining
41:45 Town Patrol
43:33 Iron Casting
43:19 Chain Barding Armor
43:47 Husbandry
43:57 Bloodlines
45:00 Murder Holes
47:42 Imperial Age
46:21 Caravan
49:00 Plate Barding Armor
49:26 Blast Furnace
50:06 Elite Tarkan
52:14 Conscription
52:16 Atheism
53:02 Two-Man Saw
RİGBY
3:23 Loom
17:13 Feudal Age
19:19 Forging
19:10 Scale Mail Armor
18:52 Man-at-Arms
24:20 Horse Collar
28:08 Double-Bit Axe
31:43 Castle Age
29:51 Gold Mining
29:52 Stone Mining
30:44 Wheelbarrow
31:57 Fletching
33:12 Squires
32:33 Long Swordsman
32:42 Pikeman
34:00 Iron Casting
33:41 Chain Mail Armor
35:05 Hand Cart
36:43 Treadmill Crane
37:18 Bodkin Arrow
37:56 Bow Saw
37:51 Heavy Plow
43:15 Imperial Age
41:42 Anarchy
43:48 Stone Shaft Mining
44:24 Conscription
44:59 Elite Huskarl
47:28 Chemistry
46:49 Ballistics
46:58 Halberdier
51:03 Perfusion
diegopugac03
3:50 Loom
16:19 Feudal Age
16:43 Horse Collar
Mordecai
4:20 Loom
16:01 Feudal Age
16:30 Double-Bit Axe
16:27 Horse Collar
19:58 Gold Mining
23:04 Man-at-Arms
24:56 Scale Mail Armor
26:05 Forging
31:52 Castle Age
29:50 Stone Mining
30:05 Padded Archer Armor
33:31 Bow Saw
33:24 Heavy Plow
32:59 Long Swordsman
33:25 Gambesons
33:41 Squires
34:19 Iron Casting
35:31 Wheelbarrow
35:17 Chain Mail Armor
34:53 Fletching
36:43 Gold Shaft Mining
36:03 Pikeman
41:56 Leather Archer Armor
41:37 Bodkin Arrow
44:10 Yeomen
48:15 Imperial Age
48:50 Elite Longbowman
50:07 Hoardings
50:32 Conscription
51:33 Two-Man Saw
50:38 Arrowslits
54:35 Ring Archer Armor
54:06 Bracer
55:07 Blast Furnace
54:38 Plate Mail Armor
54:36 Ballistics
55:15 Hand Cart
57:22 Chemistry
57:12 Halberdier
一匹屎豬跑路仔
9:04 Loom
15:02 Feudal Age
16:23 Wheelbarrow
15:41 Stone Mining
16:02 Town Watch
24:21 Horse Collar
26:12 Gold Mining
30:15 Double-Bit Axe
35:23 Castle Age
39:03 Castle Age
40:03 Hand Cart
39:49 Town Patrol
41:12 Heavy Plow
41:49 Gold Shaft Mining
41:28 Bow Saw
44:42 Fletching
44:56 Padded Archer Armor
46:17 Ballistics
47:02 Bodkin Arrow
56:02 Imperial Age
54:38 Husbandry
58:23 Two-Man Saw
周秋實欠錢不還
15:53 Feudal Age
15:59 Man-at-Arms
18:24 Arson
28:49 Castle Age
26:41 Double-Bit Axe
26:39 Horse Collar
28:11 Wheelbarrow
28:12 Gold Mining
28:17 Stone Mining
31:09 Bow Saw
32:16 Bloodlines
32:34 Heavy Plow
32:52 Hand Cart
33:22 Kshatriyas
35:35 Gold Shaft Mining
37:16 Thumb Ring
40:38 Ballistics
43:15 Imperial Age
40:40 Fletching
40:51 Padded Archer Armor
43:10 Stone Shaft Mining
44:02 Caravan
45:23 Chemistry
44:14 Heated Shot
45:47 Frontier Guards
45:48 Conscription
46:24 Crop Rotation
46:03 Elite Shrivamsha Rider
46:44 Husbandry
46:56 Bloodlines
46:59 Scale Barding Armor
46:53 Bodkin Arrow
47:18 Leather Archer Armor
48:32 Elite Elephant Archer
49:45 Bracer
51:18 Scale Barding Armor
51:24 Forging
51:15 Scale Mail Armor
一匹瘦馬走天涯
6:45 Loom
14:25 Feudal Age
16:27 Horse Collar
25:09 Wheelbarrow
24:24 Double-Bit Axe
29:02 Castle Age
27:19 Bloodlines
28:09 Scale Barding Armor
28:42 Town Watch
29:33 Forging
30:18 Hand Cart
32:41 Bow Saw
33:38 Chain Barding Armor
35:11 Iron Casting
35:28 Gold Mining
35:41 Fletching
36:56 Heavy Plow
39:29 Bodkin Arrow
40:30 Gold Shaft Mining
40:15 Masonry
40:03 Murder Holes
42:48 Imperial Age
41:43 Stone Mining
42:02 Town Patrol
43:55 Plate Barding Armor
43:21 Padded Archer Armor
43:04 Fishing Lines
44:44 Two-Man Saw
44:18 Crop Rotation
43:49 Cavalier
45:42 Blast Furnace
45:38 Stone Shaft Mining
45:28 Elite Skirmisher
47:10 Squires
46:57 Gambesons
46:58 Arson
47:18 Scale Mail Armor
47:36 Leather Archer Armor
46:50 Savar
47:30 Husbandry
49:22 Chain Mail Armor
49:39 Ring Archer Armor
49:36 Ballistics
50:18 Chemistry
49:52 Architecture
49:58 Coinage
49:31 Caravan
55:12 Conscription
54:57 Kamandaran
58:21 Plate Mail Armor
Robert
6:13 Loom
14:13 Feudal Age
14:53 Double-Bit Axe
Connection lost

Rejoining the realm…

Still unreachable

The connection could not be restored.

Session expired

The server has moved on; the page needs a fresh start.